 Dungeon Crawl Stone Soup version 0.25.0-15-gac7dcb8 (webtiles) character file.

Game seed: 15027352135681552005

192 shmeve the Skirmisher (level 5, 0/34 HPs)
             Began as a Gargoyle Berserker on June 28, 2020.
             Was a Priest of Trog.
             Slain by a bullfrog (3 damage)
             ... in a sewer.
             The game lasted 00:03:53 (2661 turns).

shmeve the Skirmisher (Gargoyle Berserker)          Turns: 2661, Time: 00:03:53

Health: 0/34       AC:  7    Str: 20    XL:     5   Next: 71%
Magic:  5/5        EV: 12    Int:  8    God:    Trog [***...]
Gold:   157        SH:  0    Dex: 10    Spells: 4/4 levels left

rFire    . . .     SeeInvis .   a - +0 hand axe
rCold    . . .     Gourm    .   (no shield)
rNeg     + . .     Faith    .   b - +0 animal skin
rPois    ∞         Spirit   .   (no helmet)
rElec    +         Reflect  .   (no cloak)
rCorr    .         Harm     .   h - +0 pair of gloves (curse)
MR       .....                  (no boots)
Stlth    +.........             (no amulet)
HPRegen  0.11/turn              (no ring)
MPRegen  0.09/turn              (no ring)

@: very slow
A: negative energy resistance 1, electricity resistance, unbreathing,
petrification resistance, rot immunity, AC +4
a: Berserk, Trog's Hand, Renounce Religion


You were in a sewer.
You worshipped Trog.
Trog was most pleased with you.
You were not hungry.

You visited 1 branch of the dungeon, and saw 3 of its levels.
You also visited: Sewer.

You collected 157 gold pieces.

Inventory:

Hand Weapons
 a - a +0 hand axe (weapon)
Missiles
 g - 7 boomerangs (quivered)
Armour
 b - a +0 animal skin (worn)
 h - a cursed +0 pair of gloves (worn)
Scrolls
 d - 2 scrolls of identify {unknown}
 e - a scroll of enchant armour {unknown}
 f - a scroll of teleportation {unknown}
 j - a scroll of magic mapping {unknown}
Potions
 i - a potion of invisibility {unknown}
 k - a potion of stabbing {unknown}
Comestibles
 c - 4 rations
 l - 3 chunks of flesh


   Skills:
 * Level 4.9 Fighting
 * Level 3.9 Axes
 + Level 1.5 Throwing
 + Level 3.1 Armour
 - Level 1.5 Dodging


You had 4 spell levels left.
You didn't know any spells.
Your spell library was empty.

Dungeon Overview and Level Annotations

Branches:
Dungeon (3/15)              Sewer (1/1)

Altars:
Uskayaw


Innate Abilities, Weirdness & Mutations

You are resistant to torment.
Your stone body is resilient. (AC +4)
You are immune to poison.
You resist negative energy. (rN+)
You are resistant to electric shocks. (rElec)
You can survive without breathing.
You are immune to petrification.
You are immune to rotting.


Message History

The bullfrog is moderately wounded.
You hit the bullfrog.
The bullfrog hits you but does no damage.
The bullfrog barely misses you. x2; The bullfrog closely misses you.
You closely miss the bullfrog.
The bullfrog is moderately wounded.
You closely miss the bullfrog.
The bullfrog hits you but does no damage.
The bullfrog hits you!
Your unstable footing causes you to fumble your attack.
The bullfrog hits you.
The bullfrog hits you but does no damage.
The bullfrog barely misses you. The bullfrog hits you!
* * * LOW HITPOINT WARNING * * *
You closely miss the bullfrog.
The bullfrog is moderately wounded.
You miss the bullfrog. The bullfrog hits you.
* * * LOW HITPOINT WARNING * * *
The bullfrog misses you. The bullfrog hits you.
You die...

#.≈≈≈≈≈≈≈≈≈≈≈≈≈≈≈≈≈≈≈≈.#
#.≈≈≈≈≈≈≈≈≈≈≈≈≈≈≈≈≈≈≈≈≈#
#.≈≈≈≈..≈≈≈≈≈≈≈≈≈≈.÷≈≈.#
#.≈≈≈.≈≈≈≈≈≈≈≈########.#
#.≈≈≈.≈≈≈≈≈≈≈≈≈## #.#
#.≈≈≈≈≈≈≈≈≈≈≈≈≈≈# #.#
#.≈≈≈≈≈≈≈≈≈≈≈≈≈≈# #≈#
#.≈≈≈≈≈≈≈F≈≈≈≈≈≈≈# #≈#
#.≈≈≈≈≈≈@F≈≈..∩≈≈# #≈#
#.≈≈≈≈≈≈≈≈..≈.≈≈≈# #≈#
#.≈≈≈≈≈≈≈.≈≈.≈≈≈≈≈# #.#
### #.≈≈≈≈≈≈.≈≈≈.≈≈≈≈≈#
#.# #.#
#.≈≈≈≈≈≈≈≈≈).≈≈≈≈≈# #.#
#∩# #.≈≈≈≈≈≈≈≈?$?.≈≈≈≈
#.# #.#
#.≈≈≈≈≈≈≈≈≈=.≈≈≈≈ #.#
#∩# #.≈≈≈.≈≈≈≈≈.≈≈≈≈ #.#
#.# #.≈≈≈.≈≈≈≈≈≈.≈ #.#


You could see 2 bullfrogs.

Vanquished Creatures
  An orc wizard (D:3)
  A worker ant (D:3)
  Robin (D:2)
  3 adders
  3 dart slugs
  10 leopard geckos
  8 orcs (D:3)
  2 ball pythons
  5 giant cockroaches
  14 goblins
  6 hobgoblins
  3 jackals (D:1)
  4 bats
  4 frilled lizards (Sewer)
  5 kobolds
  9 rats
79 creatures vanquished.

Notes
Turn   | Place    | Note
-------+----------+-------------------------------------------
     0 | D:1      | shmeve the Gargoyle Berserker began the quest for the Orb.
     0 | D:1      | Reached XP level 1. HP: 14/14 MP: 1/1
   363 | D:1      | Reached XP level 2. HP: 17/19 MP: 2/2
   947 | D:1      | Reached ** piety under Trog
   996 | D:1      | Reached XP level 3. HP: 23/24 MP: 3/3
  1202 | D:2      | Noticed Robin
  1218 | D:2      | Killed Robin
  1218 | D:2      | Reached skill level 4 in Fighting
  1374 | D:2      | Reached skill level 1 in Throwing
  1486 | D:2      | Reached XP level 4. HP: 25/29 MP: 4/4
  1692 | D:2      | Found a hide-covered altar of Uskayaw.
  1956 | D:3      | Reached XP level 5. HP: 15/34 MP: 5/5
  1960 | D:3      | Reached *** piety under Trog
  2233 | D:3      | Found a glowing drain.
  2253 | Sewer    | Entered a sewer
  2661 | Sewer    | Slain by a bullfrog

Illustrated notes

Levels and vault maps discovered:
D:1:      psy_arrival_statuary, layout_basic
D:2:      layout_loops_cross, marbit_many_paths, uniq_robin
D:3:      layout_rooms, portal_sewer_entry_f, first_ration, uniq_grinder
Sewer:    sewer_frog_island_01

Skill      XL: |  1  2  3  4  5 |
---------------+----------------+-----
Axes           | 3 |  3.9
Fighting       | 4 |  4.9
Throwing       | 1 |  1.5
Armour         | 3 |  3.1
Dodging        | |  1.5

Action                   |  1- 3 |  4- 6 || total
-------------------------+-------+-------++-------
Melee: Hand axe          |   125 |   101 ||   226
Invok: Berserk           |     1 |     1 ||     2
  Eat: Chunk             |     3 |     5 ||     8
Armor: Animal skin       |    70 |    56 ||   126
Dodge: Dodged            |   106 |    96 ||   202
